AoeStats
← ckflawless

Arena

508893409Analyzed
1v1 RM · 6d ago on Sep 24, 2026· 36m 16s· 2 players
Game mode
Random Map
Map size
Tiny (2 player)
Population
200
Speed
Normal
Resources
Standard
Victory
Conquest
Starting age
Dark Age
Ending age
Imperial Age
RankedLock teamsTeams togetherTeam positionsShared explorationLock speedFull tech treeHidden civsTurbo modeCheats
Victory
Defeat
🇨🇭 Teutons · Switzerland
837
+16
🇺🇸 Goths · United States
843
-16
marcelerni
1:04 Loom
13:02 Feudal Age
13:49 Horse Collar
13:57 Double-Bit Axe
18:54 Castle Age
17:58 Bloodlines
18:38 Forging
19:39 Scale Mail Armor
29:15 Imperial Age
28:07 Wheelbarrow
27:56 Scale Barding Armor
28:16 Fletching
29:13 Ballistics
29:06 Bodkin Arrow
29:43 Chain Mail Armor
29:37 Heavy Plow
31:08 Chemistry
30:00 Town Watch
31:07 Bow Saw
31:19 Gold Mining
31:24 Stone Mining
32:26 Chain Barding Armor
33:00 Hand Cart
34:29 Siege Engineers
35:17 Plate Barding Armor
35:37 Crenellations
35:05 Cavalier
ckflawless
0:26 Loom
10:22 Feudal Age
14:28 Castle Age
13:09 Double-Bit Axe
14:54 Gold Mining
17:03 Fletching
19:06 Padded Archer Armor
19:14 Town Watch
22:20 Horse Collar
22:53 Bow Saw
22:40 Stone Mining
24:10 Leather Archer Armor
24:59 Wheelbarrow
27:29 Forging
27:19 Scale Mail Armor
28:18 Stone Shaft Mining
29:10 Crossbowman
30:51 Anarchy
32:36 Bodkin Arrow
34:10 Ballistics
33:49 Pikeman
34:31 Squires
Connection lost

Rejoining the realm…

Still unreachable

The connection could not be restored.

Session expired

The server has moved on; the page needs a fresh start.